 Dungeon Crawl Stone Soup version 0.30.0-30-g96aa6591b8 (webtiles) character file.

Game seed: 12214471717395359778

14 Ayven the Firebug (level 2, 20/20 HPs)
             Began as a Draconian Fire Elementalist on June 27, 2023.
             Got out of the dungeon alive.
             The game lasted 00:04:45 (486 turns).

Ayven the Firebug (Draconian Fire Elementalist)      Turns: 486, Time: 00:04:45

Health: 20/20      AC:  4    Str: 10    XL:     2   Next: 27%
Magic:  5/5        EV: 12    Int: 15    God:
Gold:   9          SH:  0    Dex: 11    Spells: 3/6 levels left

rFire   . . .        (no weapon)
rCold   . . .        (no shield)
rNeg    . . .        (body armour unavailable)
rPois   .            (helmet restricted)
rElec   .            (no cloak)
rCorr   .            (no gloves)
SInv    .            (no boots)
Will    .....        (no amulet)
Stlth   ++           (no ring)
HPRegen 0.23/turn    (no ring)
MPRegen 0.09/turn

%: no passive effects
@: no status effects
A: AC +4, unfitting armour, cold-blooded
a: no special abilities


You escaped.
You visited 1 branch of the dungeon, and saw 1 of its levels.

You collected 9 gold pieces.

Inventory:

Armour
 b - a +0 robe
Potions
 a - a potion of magic


   Skills:
 - Level 1.7 Dodging
 - Level 1.7 Stealth
 * Level 2.6 Spellcasting
 + Level 1.1 Conjurations
 + Level 3.2 Fire Magic


You had 3 spell levels left.
You knew the following spells:

 Your Spells              Type           Power      Damage    Failure   Level
a - Foxfire               Conj/Fire      32%        2x1d5     9%          1
b - Scorch                Fire           22%        2d6       9%          2

Your spell library contained the following spells:

 Spells                   Type           Power      Damage    Failure   Level
 Freeze                   Ice            4%         1d3       22%         1
 Ensorcelled Hibernation  Hex/Ice        2%         N/A       32%         2
 Passwall                 Tmut/Erth      0%         N/A       32%         2
 Inner Flame              Hex/Fire       6%         N/A       32%         3
 Volatile Blastmotes      Fire/Tloc      12%        2d11      32%         3
 Hailstorm                Conj/Ice       3%         3d3       45%         3
 Frozen Ramparts          Ice            2%         1d1       54%         3
 Swiftness                Air            1%         N/A       54%         3
 Flame Wave               Conj/Fire      8%         2d5       65%         4


Dungeon Overview and Level Annotations

Branches:
Dungeon (1/15)

Altars:

Shops:
D:1 (


Innate Abilities, Weirdness & Mutations

Your plain brown scales are hard. (AC +4)
You cannot fit into any form of body armour.
You are cold-blooded and may be slowed by cold attacks.


Message History

The dart slug is heavily wounded.
The dart slug closely misses you.
You hit the dart slug.
The dart slug is severely wounded.
You hit the dart slug but do no damage.
The dart slug is severely wounded.
The dart slug bites you but does no damage.
You hit the dart slug but do no damage.
The dart slug is severely wounded.
The dart slug closely misses you.
You hit the dart slug but do no damage.
The dart slug is severely wounded.
You hit the dart slug.
You tail-slap the dart slug, but do no damage.
The dart slug is severely wounded.
The dart slug barely misses you.
You hit the dart slug.
The dart slug is almost dead.
The dart slug bites you. The dart slug barely misses you.
You hit the dart slug but do no damage.
You tail-slap the dart slug, but do no damage.
The dart slug is almost dead.
The dart slug closely misses you.
You hit the dart slug but do no damage. You tail-slap the dart slug.
You kill the dart slug!
Unknown command.
Unknown command.
You are a level 2 Draconian Fire Elementalist.
You are 27% of the way to level 3.
Play time: 00:04:27 (407 turns).
Zot will find you in 5593 turns if you stay in this branch and explore no new floors.
Save game and exit?
Okay, then.
Okay, then.
Okay, then.
You see here a +0 club.
You see here a dart slug corpse.
There is a staircase leading out of the dungeon here.
Are you sure you want to leave the Dungeon?
This will make you lose the game!
You have escaped!

#. #...# #.# ########.#.# #.#
##.....##...# #.#
##.......##..## #.#
###.........##..## ## #.#
#'...........##..## .#
#.#####[............+...# .#
#...##..............##..## .#
#.#..........@...........#
.###.#.##..............##...#
)....#..'#.............###..#
###########...........###...#
##.(.......## #..##
##.......## #..# ##.....+#
###.### ####### #....># #####
#.#####


There were no monsters in sight!

Vanquished Creatures
  2 dart slugs (D:1)
  A giant cockroach (D:1)
  A goblin (D:1)
  2 jackals (D:1)
  A bat (D:1)
  A frilled lizard (D:1)
  A kobold (D:1)
  A rat (D:1)
10 creatures vanquished.

Vanquished Creatures (others)
  A foxfire (D:1)
1 creature vanquished.

Grand Total: 11 creatures vanquished

Notes
Turn   | Place    | Note
-------+----------+-------------------------------------------
     0 | D:1      | Ayven the Draconian Fire Elementalist began the quest for
                  | the Orb.
     0 | D:1      | Reached XP level 1. HP: 14/14 MP: 3/3
   102 | D:1      | Found Yriwamme's Weapon Shop.
   131 | D:1      | Found a faded altar of an unknown god.
   291 | D:1      | Reached XP level 2. HP: 20/20 MP: 5/5
   328 | D:1      | Learned a level 2 spell: Scorch
   486 | D:$      | Got out of the dungeon alive.

Illustrated notes

Levels and vault maps discovered:
D:1:      lemuel_arrival_rhombus, layout_basic,
          hellmonk_ecumenical_altar_zigzags, serial_shops, shop_statue

Action                     || total
---------------------------++-------
  Melee: Unarmed           ||    75
         Tailslap          ||    10
   Cast: Foxfire           ||     4
    Use: Scroll            ||     1
 Armour: Skin              ||    28
  Dodge: Dodged            ||    74
